Map: Frost LE

Players

Hantt - Winner!

  • Race: Terran Terran
  • League: Silver
  • Spawn Location: 1:00

Fropez

  • Race: Protoss Protoss
  • League: Silver
  • Spawn Location: 11:00

VOD

Have the link to the VOD?

Description

Time

  • Played on: June 28, 2016, 2:14 p.m.
  • Length: 13:49
Show
View Real Time Build Order
Export as new Build Order

Hantt Terran - Winner!

Build Orders: Liberator Opening 

Get SALT Encoding   

  12  0:13  Supply Depot  
  12  0:15  SCV  
  13  0:29  Refinery  
  13  0:38  Barracks  
  13  0:40  SCV  
  14  0:53  Supply Depot  
  14  0:57  SCV  
  15  1:09  SCV  
  16  1:25  Reaper  
  17  1:26  Orbital Command  
  17  1:34  Refinery  
  17  2:04  SCV, Factory  
  18  2:09  Marine  
  19  2:16  SCV  
  20  2:27  Marine  
  20  2:28  SCV  
  22  2:40  SCV  
  23  2:45  Marine  
  23  2:50  Factory Reactor  
  23  2:51  Starport  
  24  2:52  SCV  
  25  3:03  Marine  
  25  3:05  SCV  
  27  3:17  SCV  
  28  3:20  Command Center  
  28  3:21  Marine  
  29  3:29  SCV  
  31  3:42  Supply Depot  
  31  3:44  Factory Tech Lab  
  31  3:46  Liberator x2  
  30  3:53  Supply Depot  
  30  3:54  Barracks Tech Lab  
  29  4:06  Widow Mine  
  36  4:34  Marauder  
  36  4:35  Orbital Command, Widow Mine  
  40  4:51  Supply Depot  
  40  4:56  Marauder  
  40  4:59  Stimpack  
  42  5:03  Medivac  
  42  5:05  Hellion  
  46  5:12  SCV  
  47  5:16  Marine  
  48  5:24  SCV  
  48  5:27  Hellion  
  51  5:33  Medivac  
  51  5:34  Marine  
  54  5:36  SCV  
  52  5:46  Orbital Command  
  52  5:48  SCV  
  53  5:52  Marine  
  54  5:59  Engineering Bay  
  54  6:01  SCV  
  52  6:10  Marine  
  53  6:21  Siege Tank  
  56  6:27  SCV  
  56  6:28  Marine  
  58  6:35  Refinery  
  58  6:36  SCV  
  58  6:37  Refinery  
  58  6:39  SCV  
  60  6:42  Supply Depot  
  60  6:45  Liberator  
  60  6:46  Marine  
  61  6:48  SCV  
  61  6:51  SCV  
  63  7:01  SCV  
  64  7:03  SCV  
  64  7:04  Marauder  
  64  7:05  Supply Depot  
  70  7:13  SCV  
  70  7:15  SCV  
  72  7:20  Widow Mine  
  74  7:25  Marine, SCV  
  74  7:27  SCV, Supply Depot  
  74  7:29  Liberator  
  77  7:35  Command Center  
  77  7:37  SCV  
  77  7:43  Marine  
  77  7:44  Missile Turret  
  79  7:49  SCV, Widow Mine  
  79  7:50  Supply Depot  
  85  7:54  Barracks  
  85  7:58  SCV  
  86  8:00  Marine  
  86  8:01  SCV  
  88  8:10  SCV  
  88  8:13  SCV  
  88  8:14  Supply Depot  
  88  8:18  Siege Tank, Marine  
  93  8:22  SCV  
  93  8:25  SCV  
  93  8:35  Viking x2  
  93  8:36  Marine  
  98  8:50  Siege Tank  
  98  8:54  Marauder  
  101  8:59  Orbital Command  
  101  9:01  Barracks Reactor  
  101  9:15  Marine  
  102  9:18  Command Center  
  102  9:22  Siege Tank  
  105  9:39  Liberator x2  
  105  9:41  Orbital Command  
  105  9:56  Siege Tank, Marauder  
  116  10:08  Engineering Bay  
  116  10:14  Supply Depot  
  107  10:17  Marine  
  107  10:20  Marine x2  
  102  10:22  Liberator  
  105  10:28  Siege Tank  
  105  10:35  Marine  
  106  10:36  Supply Depot  
  106  10:37  Supply Depot  
  109  10:51  Marine x2  
  109  10:53  Marauder  
  113  11:06  Supply Depot  
  113  11:08  Planetary Fortress  
  113  11:09  Marine x2  
  115  11:15  Marauder  
  116  11:26  Marine  
  116  11:27  Marine  
  117  11:36  Marauder  
  119  11:47  Marine x2  
  121  11:56  Supply Depot  
  121  11:57  Marauder  
  121  11:59  Missile Turret  
  123  12:05  Marine x2  
  125  12:10  SCV  
  125  12:14  Medivac x2  
  130  12:16  Missile Turret  
  130  12:19  Marauder  
  130  12:22  SCV  
  133  12:23  Marine x2  
  133  12:29  Refinery  
  135  12:34  SCV  
  136  12:38  Supply Depot  
  136  12:39  Liberator  
  136  12:40  Marine, Marauder  
  136  12:41  Marine  
  140  12:44  Medivac  
  140  12:45  Supply Depot  
  140  12:46  SCV  
  140  12:50  Armory  
  143  12:53  Refinery  
  143  12:55  Siege Tank  
  143  12:58  Marine, SCV  
  150  12:59  Marine  
  150  13:00  Supply Depot  
  150  13:02  Marauder  
  154  13:07  Supply Depot  
  154  13:10  SCV  
  155  13:16  Marine  
  156  13:23  Marauder  
  158  13:30  Marine  
Show
View Real Time Build Order
Export as new Build Order

Fropez Protoss 

Build Orders: 1 Gate Expand 

Get SALT Encoding   

  12  0:03  Probe (Chrono Boost)  
  13  0:18  Pylon  
  13  0:20  Probe (Chrono Boost)  
  14  0:36  Gateway  
  14  0:39  Probe (Chrono Boost)  
  15  1:06  Nexus  
  15  1:20  Pylon  
  15  1:27  Cybernetics Core  
  15  1:35  Assimilator  
  15  1:38  Assimilator  
  15  1:41  Probe (Chrono Boost)  
  16  1:55  Gateway  
  16  1:57  Probe (Chrono Boost)  
  17  2:08  Probe (Chrono Boost)  
  18  2:22  Gateway  
  18  2:26  Pylon  
  18  2:29  Probe (Chrono Boost)  
  19  2:34  Probe (Chrono Boost)  
  19  2:47  Stalker  
  21  2:52  Warp Gate (Chrono Boost)  
  21  3:01  Mothership Core (Chrono Boost)  
  22  3:11  Stalker  
  23  3:21  Probe (Chrono Boost)  
  24  3:30  Probe (Chrono Boost)  
  24  3:31  Assimilator  
  25  3:41  Stalker  
  27  3:52  Probe  
  28  3:57  Probe  
  29  4:03  Pylon, Probe  
  30  4:14  Stalker  
  32  4:39  Twilight Council  
  32  4:43  Forge  
  32  4:47  Pylon, Probe  
  33  4:56  Probe  
  34  5:03  Probe  
  35  5:15  Stalker x2  
  35  5:30  Stalker  
  35  5:53  Zealot  
  33  5:58  Stalker  
  33  5:59  Stalker  
  33  6:05  Probe  
  33  6:07  Blink  
  34  6:12  Protoss Ground Weapons Level 1 (Chrono Boost)  
  34  6:22  Stargate  
  34  6:24  Probe (Chrono Boost)  
  36  6:25  Probe (Chrono Boost)  
  36  6:49  Probe (Chrono Boost)  
  36  6:50  Probe (Chrono Boost)  
  38  6:57  Stalker x2  
  38  6:59  Probe (Chrono Boost)  
  43  7:09  Stalker  
  43  7:11  Phoenix  
  43  7:14  Probe (Chrono Boost)  
  49  7:23  Probe (Chrono Boost)  
  49  7:28  Probe (Chrono Boost)  
  49  7:29  Assimilator  
  50  7:36  Phoenix (Chrono Boost)  
  52  7:52  Probe x2  
  54  8:00  Phoenix (Chrono Boost)  
  56  8:07  Pylon  
  56  8:16  Zealot  
  56  8:17  Zealot  
  58  8:31  Pylon  
  41  9:02  Stalker x3  
  36  9:30  Mothership Core  
  38  9:39  Pylon  
  36  10:19  Probe  
  36  10:20  Probe  
  38  10:30  Probe x2  
  40  10:35  Nexus  
  40  10:39  Assimilator  
  40  10:40  Probe  
  40  10:41  Probe  
  42  10:44  Assimilator  
  42  10:47  Pylon  
  42  10:52  Probe  
  42  10:54  Probe  
  42  10:55  Pylon  
  44  11:06  Stargate, Gateway  
  44  11:08  Zealot  
  44  11:46  Probe  
  42  11:47  Probe  
  42  11:48  Probe  
  45  11:59  Phoenix (Chrono Boost)  
  45  12:01  Stargate  
  47  12:03  Stalker x3  
  53  12:13  Probe x2  
  53  12:14  Probe  
  56  12:23  Probe  
  56  12:25  Probe  
  60  12:32  Phoenix (Chrono Boost)  
  60  12:33  Photon Cannon  
  60  12:35  Probe x2  
  60  12:37  Pylon  
  62  12:38  Probe  
  63  12:48  Probe  
  63  12:49  Probe  
  63  12:51  Twilight Council, Pylon  
  65  13:04  Probe  
  65  13:12  Phoenix x2 (Chrono Boost)  
  68  13:28  Pylon  
Tags
 
Add a new tag
Caveats
  • Supply blocks, unpowered buildings, or Contaminate may cause inaccurate times.
  • Supply counts are checked every 10 seconds.